[ AOE2 MATCH · #507304987 ]
UnrankedJurchens vs Aztecs
Player's team · LOSS
Rival team · WIN
[ REPLAY ANALYSIS · EXTRACTED FROM THE RECORDED GAME ]
Feudal
8:40
Castle
—
Imperial
—
| APM avg | 63.2 |
| APM peak | 90 |
| eAPM avg | 30.1 |
| Villagers / military | 56 / 25 |
Focus
⚔️ 50.9% · 🌾 49.1%
Scout Cavalry ×18 · Skirmisher ×7
Feudal
8:51
Castle
—
Imperial
—
| APM avg | 74.3 |
| APM peak | 93 |
| eAPM avg | 33.9 |
| Villagers / military | 50 / 32 |
Focus
⚔️ 58.9% · 🌾 41.1%
Eagle Scout ×15 · Archer ×10 · Spearman ×4 · Militia ×3
Match map
Initial resources + every placement click. Lines = walls · curves = elevation contours. ◆ gold · ⬟ stone · ● berries · ✦ relic · ◌ wall gap
Your base· Open — unwalled flank
PatrickJane's base· ✓ Closed at 21:10 · 27t walls · 1 gate(s)
Smoothed initial terrain · ◌ = detected wall gap · hover for details
Inputs per minute
— The nicest husband - - PatrickJane
Build order — The nicest husband
145 actions detected in the replay
| 0:01 | Queue | Villager (Male) ×4 |
| 0:01 | Queue | Villager (Male) ×4 |
| 0:02 | Build | House |
| 0:04 | Build | House |
| 1:24 | Queue | Villager (Male) |
| 1:24 | Queue | Villager (Male) |
| 1:35 | Queue | Villager (Male) |
| 1:36 | Queue | Villager (Male) |
| 1:56 | Build | Lumber Camp |
| 2:07 | Queue | Villager (Male) |
| 2:27 | Queue | Villager (Male) |
| 2:27 | Queue | Villager (Male) |
| 3:13 | Queue | Villager (Male) |
| 3:13 | Queue | Villager (Male) |
| 3:14 | Queue | Villager (Male) |
| 3:54 | Build | House |
| 3:59 | Queue | Villager (Male) |
| 4:00 | Queue | Villager (Male) |
| 4:28 | Build | Mill |
| 4:32 | Queue | Villager (Male) |
| 4:32 | Queue | Villager (Male) |
| 4:37 | Queue | Villager (Male) |
| 4:38 | Queue | Villager (Male) |
| 4:58 | Research | Loom |
| 6:30 | Research | Feudal Age |
| 7:01 | Build | House |
| 7:02 | Build | Palisade Wall |
| 7:55 | Build | Barracks |
| 8:19 | Build | House |
| 8:22 | Build | Palisade Wall |
| 8:40 | Age | Feudal Age |
| 8:52 | Build | Stable |
| 8:58 | Queue | Villager (Male) |
| 8:59 | Queue | Villager (Male) |
| 9:32 | Build | House |
| 9:34 | Build | Palisade Wall |
| 9:36 | Queue | Villager (Male) |
| 9:37 | Queue | Villager (Male) |
| 9:37 | Queue | Villager (Male) |
| 9:39 | Queue | Scout Cavalry |
| 9:40 | Queue | Scout Cavalry |
| 10:02 | Queue | Scout Cavalry |
| 10:09 | Build | Archery Range |
| 10:19 | Queue | Villager (Male) |
| 10:27 | Queue | Villager (Male) |
| 10:27 | Queue | Villager (Male) |
| 10:36 | Research | Horse Collar |
| 10:48 | Queue | Scout Cavalry |
| 10:55 | Build | House |
| 11:07 | Queue | Skirmisher |
| 11:23 | Queue | Villager (Male) |
| 11:30 | Build | House |
| 11:34 | Queue | Skirmisher |
| 11:46 | Queue | Villager (Male) |
| 11:56 | Queue | Villager (Male) |
| 12:10 | Build | Farm |
| 12:14 | Queue | Villager (Male) |
| 12:19 | Build | House |
| 12:20 | Queue | Skirmisher |
| 12:30 | Build | House |
| 12:34 | Queue | Villager (Male) |
| 12:50 | Build | House |
| 12:54 | Build | Farm |
| 12:58 | Queue | Skirmisher |
| 13:14 | Queue | Villager (Male) |
| 13:15 | Queue | Skirmisher |
| 13:21 | Build | Farm |
| 13:27 | Queue | Villager (Male) |
| 13:30 | Build | House |
| 13:33 | Queue | Villager (Male) |
| 13:55 | Queue | Villager (Male) |
| 14:02 | Queue | Villager (Male) |
| 14:20 | Queue | Villager (Male) |
| 14:24 | Build | Blacksmith |
| 14:30 | Build | House |
| 14:36 | Queue | Scout Cavalry |
| 14:39 | Build | House |
| 14:43 | Build | House |
| 14:47 | Queue | Villager (Male) |
| 14:49 | Build | Farm |
| 14:50 | Build | Farm |
| 14:56 | Queue | Scout Cavalry |
| 15:02 | Build | Farm |
| 15:22 | Build | Farm |
| 15:35 | Build | House |
| 15:37 | Queue | Villager (Male) |
| 15:53 | Build | Farm |
| 15:54 | Queue | Villager (Male) |
| 15:56 | Build | Lumber Camp |
| 16:42 | Build | Farm |
| 16:42 | Build | Farm |
| 16:43 | Queue | Scout Cavalry |
| 17:13 | Build | Farm |
| 17:14 | Build | Farm |
| 17:19 | Queue | Scout Cavalry |
| 17:21 | Research | Scale Barding Armor |
| 17:22 | Queue | Villager (Male) |
| 17:30 | Build | Stable |
| 17:42 | Build | Farm |
| 17:50 | Build | Mining Camp |
| 17:51 | Queue | Villager (Male) |
| 18:02 | Queue | Villager (Male) |
| 18:10 | Build | Farm |
| 18:22 | Build | Farm |
| 18:25 | Build | Farm |
| 18:26 | Queue | Villager (Male) |
| 18:30 | Build | Farm |
| 18:40 | Queue | Skirmisher |
| 18:51 | Queue | Scout Cavalry |
| 18:51 | Queue | Scout Cavalry |
| 18:59 | Queue | Villager (Male) |
| 19:03 | Queue | Skirmisher |
| 19:19 | Queue | Scout Cavalry |
| 19:32 | Build | House |
| 19:34 | Build | House |
| 19:35 | Queue | Villager (Male) |
| 19:41 | Queue | Scout Cavalry |
| 19:43 | Build | Stable |
| 19:59 | Queue | Scout Cavalry |
| 20:06 | Build | Mill |
| 20:07 | Build | Farm |
| 20:07 | Build | Farm |
| 20:07 | Build | Farm |
| 20:08 | Build | Farm |
| 20:08 | Build | Farm |
| 20:08 | Build | Farm |
| 20:23 | Research | Bloodlines |
| 20:23 | Research | Bloodlines |
| 20:24 | Queue | Villager (Male) |
| 20:54 | Queue | Villager (Male) |
| 20:54 | Queue | Villager (Male) |
| 21:15 | Queue | Scout Cavalry |
| 21:15 | Queue | Scout Cavalry |
| 21:19 | Build | Farm |
| 21:19 | Build | Farm |
| 21:19 | Build | Farm |
| 21:19 | Build | Farm |
| 21:20 | Build | Farm |
| 21:26 | Queue | Scout Cavalry |
| 21:26 | Queue | Scout Cavalry |
| 21:35 | Build | House |
| 21:38 | Build | House |
| 21:44 | Build | House |
| 21:59 | Queue | Villager (Male) |
| 22:17 | Queue | Scout Cavalry |
Build order — PatrickJane
149 actions detected in the replay
| 0:01 | Queue | Villager (Male) |
| 0:02 | Build | House |
| 0:02 | Build | House |
| 0:06 | Queue | Villager (Male) |
| 0:12 | Queue | Villager (Male) |
| 0:12 | Queue | Villager (Male) |
| 1:24 | Queue | Villager (Male) |
| 1:56 | Build | Lumber Camp |
| 2:00 | Queue | Villager (Male) |
| 2:21 | Queue | Villager (Male) |
| 2:51 | Queue | Villager (Male) |
| 3:04 | Queue | Villager (Male) |
| 3:38 | Queue | Villager (Male) |
| 3:55 | Build | House |
| 4:02 | Queue | Villager (Male) |
| 4:29 | Queue | Villager (Male) |
| 4:57 | Queue | Villager (Male) |
| 5:14 | Queue | Villager (Male) |
| 5:23 | Build | Barracks |
| 5:26 | Queue | Villager (Male) |
| 5:40 | Research | Loom |
| 5:46 | Build | House |
| 6:39 | Research | Feudal Age |
| 6:55 | Queue | Militia |
| 7:10 | Build | Mining Camp |
| 7:11 | Queue | Militia |
| 7:35 | Build | House |
| 7:37 | Build | Palisade Wall |
| 7:38 | Build | Palisade Wall |
| 7:39 | Build | Palisade Wall |
| 7:40 | Build | Palisade Wall |
| 7:41 | Build | Palisade Wall |
| 7:45 | Queue | Militia |
| 8:15 | Queue | Villager (Male) |
| 8:24 | Build | Mill |
| 8:29 | Queue | Villager (Male) |
| 8:51 | Age | Feudal Age |
| 9:02 | Research | Man-at-Arms (upgrade) |
| 9:20 | Build | Archery Range |
| 9:25 | Queue | Villager (Male) |
| 9:30 | Build | House |
| 9:31 | Build | Palisade Wall |
| 9:44 | Queue | Spearman |
| 9:56 | Build | House |
| 10:01 | Queue | Villager (Male) |
| 10:12 | Queue | Villager (Male) |
| 10:37 | Build | Farm |
| 10:49 | Queue | Villager (Male) |
| 10:51 | Build | Farm |
| 10:56 | Queue | Archer |
| 10:57 | Build | Palisade Wall |
| 11:04 | Build | Farm |
| 11:16 | Queue | Spearman |
| 11:20 | Queue | Villager (Male) |
| 11:26 | Queue | Archer |
| 11:43 | Build | Farm |
| 11:59 | Queue | Villager (Male) |
| 12:04 | Queue | Spearman |
| 12:09 | Build | Farm |
| 12:15 | Queue | Villager (Male) |
| 12:16 | Build | Farm |
| 12:31 | Queue | Archer |
| 12:43 | Queue | Archer |
| 12:46 | Queue | Spearman |
| 12:57 | Build | Farm |
| 13:01 | Queue | Villager (Male) |
| 13:10 | Queue | Villager (Male) |
| 13:17 | Queue | Archer |
| 13:18 | Queue | Villager (Male) |
| 13:25 | Research | Double-Bit Axe |
| 13:27 | Queue | Villager (Male) |
| 13:28 | Queue | Villager (Male) |
| 13:37 | Queue | Archer |
| 13:44 | Queue | Villager (Male) |
| 13:57 | Build | House |
| 14:01 | Queue | Villager (Male) |
| 14:03 | Queue | Eagle Scout |
| 14:15 | Queue | Villager (Male) |
| 14:22 | Build | House |
| 14:24 | Build | Palisade Wall |
| 14:36 | Queue | Archer |
| 14:40 | Queue | Villager (Male) |
| 14:44 | Build | Palisade Gate |
| 14:48 | Queue | Villager (Male) |
| 14:51 | Build | Blacksmith |
| 14:53 | Queue | Villager (Male) |
| 15:07 | Queue | Eagle Scout |
| 15:08 | Queue | Villager (Male) |
| 15:30 | Queue | Eagle Scout |
| 15:32 | Queue | Villager (Male) |
| 15:39 | Research | Fletching |
| 15:40 | Research | Fletching |
| 15:43 | Queue | Archer |
| 15:43 | Queue | Villager (Male) |
| 15:44 | Build | Farm |
| 15:49 | Build | Farm |
| 15:53 | Build | House |
| 16:11 | Queue | Eagle Scout |
| 16:12 | Queue | Archer |
| 16:13 | Queue | Villager (Male) |
| 16:15 | Build | Farm |
| 16:26 | Research | Scale Mail Armor |
| 16:26 | Research | Scale Mail Armor |
| 16:32 | Queue | Eagle Scout |
| 16:53 | Queue | Villager (Male) |
| 16:54 | Build | Barracks |
| 17:08 | Queue | Villager (Male) |
| 17:17 | Queue | Eagle Scout |
| 17:18 | Queue | Villager (Male) |
| 17:21 | Queue | Eagle Scout |
| 17:29 | Research | Arson |
| 17:29 | Research | Arson |
| 17:33 | Build | Farm |
| 17:35 | Build | Farm |
| 17:36 | Queue | Villager (Male) |
| 17:53 | Queue | Eagle Scout |
| 17:59 | Queue | Villager (Male) |
| 18:00 | Build | Farm |
| 18:05 | Build | Farm |
| 18:14 | Queue | Eagle Scout |
| 18:20 | Build | Farm |
| 18:20 | Queue | Villager (Male) |
| 18:30 | Queue | Eagle Scout |
| 18:30 | Queue | Eagle Scout |
| 18:37 | Queue | Archer |
| 18:46 | Build | Farm |
| 18:48 | Build | House |
| 19:01 | Build | House |
| 19:18 | Build | House |
| 19:36 | Research | Forging |
| 19:39 | Queue | Villager (Male) |
| 19:39 | Build | Farm |
| 20:01 | Build | Market |
| 20:24 | Build | Farm |
| 20:41 | Build | Farm |
| 20:43 | Queue | Eagle Scout |
| 20:44 | Queue | Eagle Scout |
| 20:46 | Build | House |
| 20:50 | Build | Farm |
| 20:50 | Queue | Villager (Male) |
| 21:10 | Research | Castle Age |
| 21:10 | Research | Castle Age |
| 21:33 | Build | Lumber Camp |
| 22:07 | Queue | Villager (Male) |
| 22:11 | Build | Barracks |
| 22:17 | Queue | Eagle Scout |
| 22:17 | Queue | Eagle Scout |
| 22:24 | Queue | Villager (Male) |
| 22:34 | Queue | Villager (Male) |
Match timeline
| 5:23 | PatrickJane · first_building Barracks |
| 7:02 | The nicest husband · wall_segment Palisade Wall x1 |
| 7:37 | PatrickJane · wall_segment Palisade Wall x1 |
| 7:38 | PatrickJane · wall_segment Palisade Wall x1 |
| 7:39 | PatrickJane · wall_segment Palisade Wall x2 |
| 7:40 | PatrickJane · wall_segment Palisade Wall x2 |
| 7:41 | PatrickJane · wall_segment Palisade Wall x4 |
| 7:55 | The nicest husband · first_building Barracks |
| 8:22 | The nicest husband · wall_segment Palisade Wall x4 |
| 8:40 | The nicest husband · age_up feudal |
| 8:51 | PatrickJane · age_up feudal |
| 8:52 | The nicest husband · first_building Stable |
| 9:20 | PatrickJane · first_building Archery Range |
| 9:31 | PatrickJane · wall_segment Palisade Wall x4 |
| 9:34 | The nicest husband · wall_segment Palisade Wall x1 |
| 10:09 | The nicest husband · first_building Archery Range |
| 10:57 | PatrickJane · wall_segment Palisade Wall x13 |
| 14:24 | PatrickJane · wall_segment Palisade Wall x5 |
| 21:09 | PatrickJane · first_market_buy 100 food |
| 22:36 | The nicest husband · resign |
[ AI ANALYSIS · 1 CREDIT ]
What really happened in this match?
Wolo.gg analyzes every decision: build order, eco, micro, common mistakes by bracket. Personalized analysis on WhatsApp or Discord in 30 seconds.
Civ guide
Jurchens
Perfil
Jugador #262424